AoeStats
← Dustin

Arabia

505473909Analyzed
1v1 RM · 23d ago on Sep 9, 2026· 35m 5s· 2 players
Game mode
Random Map
Map size
Tiny (2 player)
Population
200
Speed
Normal
Resources
Standard
Victory
Conquest
Starting age
Dark Age
Ending age
Imperial Age
RankedLock teamsTeams togetherTeam positionsShared explorationLock speedFull tech treeHidden civsTurbo modeCheats
Victory
Defeat
🇵🇪 Chinese · Peru
1790
+9
🇩🇪 Cumans · Germany
1629
-9
GB | Renzo
0:26 Loom
9:44 Feudal Age
9:50 Man-at-Arms
14:54 Double-Bit Axe
16:08 Fletching
21:41 Castle Age
20:13 Gold Mining
20:06 Horse Collar
21:47 Padded Archer Armor
21:47 Scale Mail Armor
21:58 Forging
21:55 Crossbowman
22:36 Bodkin Arrow
23:50 Wheelbarrow
24:04 Forging
25:27 Leather Archer Armor
25:42 Squires
25:28 Arson
27:18 Bow Saw
27:38 Town Watch
29:34 Ballistics
31:50 Chain Mail Armor
33:39 Hand Cart
34:52 Iron Casting
Dustin
6:52 Loom
9:03 Feudal Age
10:57 Double-Bit Axe
10:53 Horse Collar
17:01 Scale Barding Armor
20:09 Wheelbarrow
22:42 Bloodlines
25:02 Castle Age
23:34 Forging
24:21 Bloodlines
24:14 Fletching
25:06 Elite Skirmisher
25:57 Light Cavalry
26:44 Padded Archer Armor
27:29 Bodkin Arrow
30:07 Chain Barding Armor
Connection lost

Rejoining the realm…

Still unreachable

The connection could not be restored.

Session expired

The server has moved on; the page needs a fresh start.